 Dungeon Crawl Stone Soup version 0.21-a0-426-g98080a9 (webtiles) character file.

476 theanonym the Magician (level 6, -2/41 HPs)
             Began as a Mummy Ice Elementalist on Nov 6, 2017.
             Was a Follower of Sif Muna.
             Killed by divine providence
             ... invoked by an orc priest
              (13 damage)
             ... on level 6 of the Dungeon.
             The game lasted 00:12:38 (4691 turns).

theanonym the Magician (Mummy Ice Elementalist)     Turns: 4691, Time: 00:12:39

Health: -2/41      AC:  4    Str: 11    XL:     6   Next: 84%
Magic:  11/14      EV: 12    Int: 16    God:    Sif Muna [*.....]
Gold:   153        SH:  0    Dex: 13    Spells: 2/16 levels left

rFire    x . .     SeeInvis .   i - +3 dagger (elec)
rCold    + . .     Gourm    .   (no shield)
rNeg     + + +     Faith    .   a - +1 robe
rPois    ∞         Spirit   .   e - +0 helmet
rElec    .         Reflect  .   (no cloak)
rCorr    .         Harm     .   (no gloves)
MR       .....                  (no boots)
Stlth    ++........             (no amulet)
HPRegen  0.13/turn              f - ring of flight
MPRegen  0.14/turn              (no ring)

@: divine energy
A: no food or potions, fire vulnerability, cold resistance 1, negative energy
resistance 3, torment resistance, unbreathing
a: Stop Divine Energy, Renounce Religion, Evoke Flight


Innate Abilities, Weirdness & Mutations

You do not eat or drink.
Your flesh is vulnerable to fire.
You are immune to poison.
Your flesh is cold resistant. (rC+)
You are immune to negative energy. (rN+++)
You are immune to unholy pain and torment.
You can survive without breathing.


   Skills:
 - Level 1.5 Dodging
 - Level 1.5 Stealth
 + Level 5.5 Spellcasting
 + Level 3.1 Conjurations
 * Level 4.4 Ice Magic


You had 2 spell levels left.
You knew the following spells:

 Your Spells              Type           Power        Failure   Level  Hunger
a - Freeze                Ice            ###.         2%          1    N/A
b - Throw Frost           Conj/Ice       ###...       4%          2    N/A
c - Throw Icicle          Conj/Ice       ###.....     30%         4    N/A
d - Summon Ice Beast      Ice/Summ       ##......     50%         4    N/A
g - Ozocubu's Armour      Chrm/Ice       ##......     17%         3    N/A

Skill      XL: |  1  2  3  4  5  6 |
---------------+-------------------+-----
Spellcasting   | 3 4 5 |  5.5
Conjurations   | 1 2 3 |  3.1
Ice Magic      | 3 4 |  4.4
Dodging        | |  1.5
Stealth        | |  1.5

Action                   |  1- 3 |  4- 6 || total
-------------------------+-------+-------++-------
Melee: Dagger            |     5 |    49 ||    54
 Cast: Freeze            |    68 |    37 ||   105
       Throw Frost       |       |    12 ||    12
       Ozocubu's Armour  |       |     1 ||     1
       Throw Icicle      |       |     1 ||     1
Invok: Divine Energy     |       |     1 ||     1
  Use: Scroll            |     3 |     6 ||     9
Armor: Robe              |     9 |    20 ||    29
Dodge: Dodged            |    42 |    60 ||   102

Inventory:

Hand Weapons
 i - a +3 dagger of electrocution (weapon)
   (You took it off a goblin on level 3 of the Dungeon)
Armour
 a - a +1 robe (worn)
 e - a +0 helmet (worn)
   (You took it off Robin on level 2 of the Dungeon)
Jewellery
 f - a ring of flight (left hand)
   (You found it on level 2 of the Dungeon)
 h - an uncursed amulet of faith
   (You found it on level 2 of the Dungeon)
 l - a +2 amulet of reflection {unknown}
   (You found it on level 4 of the Dungeon)
Scrolls
 c - 2 scrolls of immolation
 j - a scroll of remove curse
Books
 b - a book of Frost

   Spells                             Type                      Level
   a - Freeze                         Ice                          1
   b - Throw Frost                    Conjuration/Ice              2
   c - Ozocubu's Armour               Charms/Ice                   3
   d - Throw Icicle                   Conjuration/Ice              4
   e - Summon Ice Beast               Ice/Summoning                4

Dungeon Overview and Level Annotations

Branches:
Dungeon (4/15)             Temple (1/1) D:4

Altars:
Ashenzari
Dithmenos
Elyvilon
Fedhas
Gozag
Hepliaklqana
Kikubaaqudgha
Makhleb
Nemelex Xobeh
Okawaru
Qazlal
Ru
Sif Muna
Trog
Uskayaw
Vehumet
Xom
Yredelemnul
Zin
The Shining One


You were on level 6 of the Dungeon.
You worshipped Sif Muna.
Sif Muna was aware of your devotion.
You were not hungry.

You visited 2 branches of the dungeon, and saw 6 of its levels.

You collected 153 gold pieces.


Message History

You see here a royal jelly.
This spell is very dangerous to cast!
Memorise Summon Ice Beast, consuming 4 spell levels and leaving 1?
You start memorising the spell.
You continue memorising. x4
You finish memorising.
Spell assigned to 'd'.
You can't see any susceptible monsters within range! (Use Z to cast anyway.)
You can't see any susceptible monsters within range! (Use Z to cast anyway.)
Aim: a bullfrog (hasn't noticed you)
The puff of frost hits the bullfrog.
You now have 12/14 mp.
You see here a royal jelly.
Unknown command.
You hit the bullfrog. The bullfrog misses you. x2
You closely miss the bullfrog. The bullfrog closely misses you.
You barely miss the bullfrog. The bullfrog hits you. The bullfrog misses you.
You take 5 damage, and have 36/41 hp.
You hit the bullfrog. The bullfrog closely misses you.
Aim: a bullfrog (moderately wounded)
You freeze the bullfrog. The bullfrog hits you.
The bullfrog closely misses you.
You take 5 damage, and have 31/41 hp.
You now have 12/14 mp.
Aim: a bullfrog (heavily wounded)
You freeze the bullfrog.
The bullfrog seems to slow down.
The bullfrog hits you.
You take 2 damage, and have 29/41 hp.
You now have 11/14 mp.
Aim: a bullfrog (heavily wounded, slow)
You freeze the bullfrog.
The bullfrog seems to slow down.
The bullfrog misses you.
You now have 10/14 mp.
Aim: a bullfrog (severely wounded, slow)
You freeze the bullfrog.
The bullfrog seems to slow down.
The bullfrog closely misses you.
Aim: a bullfrog (almost dead, slow)
You freeze the bullfrog.
The bullfrog seems to slow down.
The bullfrog hits you but does no damage.
You now have 9/14 mp.
Aim: a bullfrog (almost dead, slow)
You freeze the bullfrog.
You kill the bullfrog!
Sif Muna accepts your kill.
You now have 8/14 mp.
You start resting.
Health restored: 41; MP restored: 14 You see here a royal jelly.
An orc comes into view.
Found a stone staircase leading up.
Aim: an orc (resting)
The puff of frost hits the orc.
You kill the orc!
Sif Muna accepts your kill.
You now have 12/14 mp.
An ice beast, 2 orcs, an orc priest and an orc wizard come into view.
The orc wizard is wielding a dagger of venom.
As you read the scroll labeled DEGGUN LABIUHIASM, it crumbles to dust.
It is a scroll of enchant armour.
Your +0 robe glows green for a moment.
The orc wizard shouts!
The orc shouts!
The orc wizard gestures wildly while chanting.
The orc wizard blinks!
The orc priest calls down the wrath of Beogh upon you.
Beogh smites you!
You take 14 damage, and have 27/41 hp.
MASSIVE DAMAGE!!
Really read
d - a scroll of teleportation {!r}?
As you read the scroll of teleportation {!r}, it crumbles to dust.
You feel strangely unstable. The orc wizard barely misses you.
The orc priest begins to cast a cantrip, but forgets the words!
Aim: an orc wizard, wielding a dagger of venom and wearing a robe The shard of ice hits the orc wizard.
Your surroundings suddenly seem different.
You now have 8/14 mp.
You start resting.
Health restored: 41; MP restored: 14
As you read the scroll labeled NOFEJU HUJOH, it crumbles to dust.
It is a scroll of enchant weapon.
Your +2 dagger of electrocution glows red for a moment.
Aim: an orc wizard, wielding a dagger of venom and wearing a robe (heavily wounded)
The puff of frost hits the orc wizard.
You now have 12/14 mp.
Aim: an orc wizard, wielding a dagger of venom and wearing a robe (almost dead)
Okay, then.
Aim: an orc wizard, wielding a dagger of venom and wearing a robe (almost dead)
The puff of frost hits the orc wizard.
The orc priest shouts!
The orc wizard mumbles some strange words.
The orc wizard blinks!
You now have 10/14 mp.
The ice beast hits you. The ice beast freezes you. You resist.
You take 9 damage, and have 32/41 hp.
MASSIVE DAMAGE!!
An adder comes into view.
The adder hisses angrily.
The orc priest calls down the wrath of Beogh upon you.
Beogh smites you!
* * * LOW HITPOINT WARNING * * *
The orc wizard gestures at you while chanting.
The magic dart hits you!
* * * LOW HITPOINT WARNING * * *
You take 21 damage, and have 11/41 hp.
MASSIVE DAMAGE!!
The orc priest mumbles some strange prayers to Beogh against you.
Beogh smites you!
You die...

#.# ## #.# ##8 #.##8.
######.##. #......#_
... #......# #...
#......# #... #.....@#
#... #...S..#########
#...
#######........#####..!
#Y...o.......#...
#................
#.....o......#...
####.o.......#...
#.........####
#.........#


You could see an ice beast, an orc priest and an adder.

Notes
Turn   | Place    | Note
-------+----------+-------------------------------------------
     0 | D:1      | theanonym the Mummy Ice Elementalist began the quest for the Orb.
     0 | D:1      | Reached XP level 1. HP: 13/13 MP: 4/4
   100 | D:1      | HP: 4/13 [kobold/short sword (5)]
   102 | D:1      | Reached skill level 3 in Spellcasting
   472 | D:1      | Reached XP level 2. HP: 18/19 MP: 1/6
   551 | D:1      | Learned a level 2 spell: Throw Frost
   832 | D:1      | Reached skill level 1 in Conjurations
  1997 | D:3      | Reached XP level 3. HP: 24/24 MP: 0/7
  2156 | D:3      | Reached skill level 3 in Ice Magic
  2301 | D:3      | Noticed Robin
  2325 | D:2      | Killed Robin
  2482 | D:3      | Reached XP level 4. HP: 29/30 MP: 5/9
  2562 | D:2      | Learned a level 4 spell: Throw Icicle
  2568 | D:2      | HP: 15/30 [worm (6)]
  2647 | D:2      | You fall through a shaft for 2 floors!
  2824 | D:4      | Found a staircase to the Ecumenical Temple.
  2831 | Temple   | Entered the Ecumenical Temple
  3062 | Temple   | Became a worshipper of Sif Muna the Loreminder
  3105 | D:4      | Reached skill level 4 in Spellcasting
  3334 | D:3      | Found a shadowy altar of Dithmenos.
  3379 | D:3      | Reached skill level 2 in Conjurations
  3382 | D:3      | HP: 14/30 [orc priest/divine providence (10)]
  3383 | D:3      | Reached XP level 5. HP: 16/35 MP: 2/11
  3386 | D:3      | You fall through a shaft for 3 floors!
  3399 | D:6      | HP: 9/35 [quokka (2)]
  3401 | D:6      | HP: 3/35 [quokka (2)]
  3402 | D:6      | HP: 1/35 [quokka (2)]
  3789 | D:6      | Noticed a phantom
  3820 | D:6      | Learned a level 3 spell: Ozocubu's Armour
  3848 | D:6      | Killed a phantom
  3848 | D:6      | Reached * piety under Sif Muna
  3848 | D:6      | Reached skill level 5 in Spellcasting
  3972 | D:6      | HP: 17/35 [bullfrog (3)]
  3973 | D:6      | Reached skill level 4 in Ice Magic
  3973 | D:6      | Reached XP level 6. HP: 20/41 MP: 7/13
  4128 | D:6      | Noticed a human
  4227 | D:6      | Reached skill level 3 in Conjurations
  4231 | D:6      | HP: 19/41 [shadow imp (3)]
  4448 | D:6      | Learned a level 4 spell: Summon Ice Beast
  4575 | D:6      | Noticed an ice beast
  4690 | D:6      | HP: 20/41 [orc priest/divine providence (13)]
  4691 | D:6      | Found a sacrificial altar of Ru.
  4691 | D:6      | Killed from afar by an orc priest

Vanquished Creatures
  A phantom (D:6)
  2 bullfrogs (D:6)
  A scorpion (D:6)
  A crimson imp (D:6)
  An iguana (D:6)
  2 orc priests (D:3)
  Robin (D:2)
  An adder (D:3)
  A shadow imp (D:6)
  An adder skeleton (D:4)
  An adder zombie (D:4)
  A worm (D:3)
  2 leopard geckos
  3 orcs
  A giant cockroach (D:1)
  15 goblins
  8 hobgoblins
  3 quokkas
  5 bats
  3 frilled lizards
  4 kobolds
  5 rats
63 creatures vanquished.
